 Dungeon Crawl Stone Soup version 0.29-a0-451-gfbfa42419e (webtiles) character file.

Game seed: 12798836225293453368

53 SBUDELSKY the Cudgeller (level 3, 0/33 HPs)
             Began as a Minotaur Monk on May 16, 2022.
             Slain by a gnoll
             ... wielding a +0 whip
              (5 damage)
             ... on level 2 of the Dungeon on May 19, 2022.
             The game lasted 00:08:01 (1374 turns).

SBUDELSKY the Cudgeller (Minotaur Monk)             Turns: 1374, Time: 00:08:01

Health: 0/33       AC:  3    Str: 17    XL:     3   Next: 64%
Magic:  2/2        EV: 13    Int:  7    God:
Gold:   44         SH:  0    Dex: 12    Spells: 2/2 levels left

rFire   . . .      SeeInvis .   a - +0 mace
rCold   . . .      Faith    .   (no shield)
rNeg    . . .      Spirit   .   b - +0 robe
rPois   .          Reflect  .   (helmet restricted)
rElec   .          Harm     .   (no cloak)
rCorr   +          Rampage  .   j - +0 pair of gloves
Will    .....                   (no boots)
Stlth   ++........              (no amulet)
HPRegen 0.11/turn               d - ring of resist corrosion
MPRegen 0.08/turn               (no ring)

@: no status effects
A: horns 2, retaliatory headbutt
a: no special abilities


You were on level 2 of the Dungeon.
You visited 1 branch of the dungeon, and saw 2 of its levels.

You collected 44 gold pieces.

Inventory:

Hand Weapons
 a - a +0 mace (weapon)
Armour
 b - a +0 robe (worn)
 j - a +0 pair of gloves (worn)
Jewellery
 d - a ring of resist corrosion (left hand)
Scrolls
 e - a scroll of fear {unknown}
 h - a scroll of enchant weapon {unknown}
 k - a scroll of identify {unknown}
Potions
 c - a potion of ambrosia
 f - a potion of curing {unknown}
 g - a potion of mutation {unknown}
 i - a potion of heal wounds {unknown}


   Skills:
 + Level 4.2 Fighting
 + Level 4.5 Maces & Flails
 + Level 3.8 Dodging
 + Level 1.9 Stealth


You had 2 spell levels left.
You didn't know any spells.
Your spell library was empty.

Dungeon Overview and Level Annotations

Branches:
Dungeon (2/15)

Altars:


Innate Abilities, Weirdness & Mutations

You have a pair of horns on your head.
You reflexively headbutt those who attack you in melee.


Message History

Found a scroll labelled BANNENG YGRUMN.
Found 14 gold pieces.
k - a scroll labelled BANNENG YGRUMN You now have 44 gold pieces (gained 14).
A gnoll comes into view. It is wielding a +0 whip.
You barely miss the gnoll.
The gnoll shouts!
You hear a shout!
The gnoll hits you with a +0 whip!
You hit the gnoll but do no damage. The gnoll barely misses you.
You furiously retaliate!
You headbutt the gnoll. You sock the gnoll!
You kill the gnoll!
You see here a +0 whip. 2 gnolls come into view.
You see here a +0 whip.
The gnoll hits you with a +0 spear.
You barely miss the gnoll. You headbutt the gnoll.
The gnoll is lightly wounded.
The gnoll hits you with a +0 spear.
You hit the gnoll.
The gnoll is moderately wounded.
The gnoll hits you with a +0 spear. x2
You hit the gnoll.
The gnoll is heavily wounded.
The gnoll hits you with a +0 spear.
You sock the gnoll!
You kill the gnoll!
You sock the gnoll! Your headbutt misses the gnoll.
The gnoll is severely wounded.
The gnoll hits you but does no damage.
You hit the gnoll but do no damage. Your headbutt misses the gnoll.
The gnoll is severely wounded.
The gnoll hits you with a +0 whip.
* * * LOW HITPOINT WARNING * * *
You hit the gnoll but do no damage.
The gnoll is severely wounded.
The gnoll closely misses you. You furiously retaliate!
You headbutt the gnoll, but do no damage.
The gnoll hits you with a +0 whip.
You die...

... ..# ... #.# g..
#.# #g# #.# #.# #.# #
#.# #.# #.##.####.###
#. #.....)g@...# #.
####.####.#.# #.
#.####.#.# #.
#.##...#.# #.
#.##.###.# #.
#.#......# #.
#.######## #.
#.###################.
#.....................


You could see a gnoll.

Vanquished Creatures
  2 gnolls (D:2)
  2 dart slugs (D:1)
  4 endoplasms (D:1)
  2 giant cockroaches (D:1)
  3 goblins (D:1)
  3 hobgoblins (D:1)
  4 jackals (D:1)
  2 ball pythons (D:1)
  3 bats (D:1)
  A kobold (D:1)
  A rat (D:1)
27 creatures vanquished.

Vanquished Creatures (others)
  A plant (D:1)
1 creature vanquished.

Grand Total: 28 creatures vanquished

Notes
Turn   | Place    | Note
-------+----------+-------------------------------------------
     0 | D:1      | SBUDELSKY the Minotaur Monk began the quest for the Orb.
     0 | D:1      | Reached XP level 1. HP: 19/19 MP: 0/0
   126 | D:1      | Reached XP level 2. HP: 25/27 MP: 1/1
   701 | D:1      | Reached XP level 3. HP: 25/33 MP: 2/2
   715 | D:1      | Upgraded the game from 0.29-a0-416-g83a48905f1 to
                  | 0.29-a0-451-gfbfa42419e
  1374 | D:2      | Slain by a gnoll

Illustrated notes

Levels and vault maps discovered:
D:1:      eino_arrival_druids_welcome, layout_loops_corners
D:2:      layout_basic, serial_shops, shop

Skill      XL: |  1  2 |
---------------+-------+-----
Fighting       | 4 |  4.2
Maces & Flails | 4 |  4.5
Dodging        | |  3.8
Stealth        | |  1.9

Action                   || total
-------------------------++-------
Melee: Mace              ||    65
       Headbutt          ||    11
 Stab: Sleeping          ||     6
Armor: Robe              ||    13
Dodge: Dodged            ||    32

Table legend: (Time is in decaauts)
 A = Elapsed time spent in this place.
 B = Non-inter-level travel time spent in this place.
 C = Inter-level travel time spent in this place.
 D = Time resting spent in this place.
 E = Time spent auto-exploring this place.
 F = Levels seen in this place.
 G = Mean time per level.
                   A        B        C        D        E       F      G
               +--------+--------+--------+--------+--------+-----+--------+
         Total |   1386 |   1386 |      0 |    190 |      0 |   2 |  693.0 |
       Dungeon |   1386 |   1386 |      0 |    190 |      0 |   2 |  693.0 |
               +--------+--------+--------+--------+--------+-----+--------+

Top non-repeatable levels by time:
     D:1: 1300 daAuts
     D:2: 85 daAuts
